[ PARTIDA AOE2 · #492573317 ]
UnrankedWu vs Italians
[ ANÁLISIS DE REPETICIÓN · EXTRAÍDO DE LA PARTIDA GRABADA ]
Feudal
12:17
Castillos
17:32
Imperial
40:27
| APM promedio | 24.1 |
| APM pico | 56 |
| eAPM promedio | 13.9 |
| Aldeanos / militares | 101 / 88 |
Foco
⚔️ 24.5% · 🌾 75.5%
Spearman ×85 · Unknown (1974) ×32 · Battering Ram ×3
Feudal
8:52
Castillos
22:02
Imperial
—
| APM promedio | 83.1 |
| APM pico | 128 |
| eAPM promedio | 37.1 |
| Aldeanos / militares | 128 / 151 |
Foco
⚔️ 29.9% · 🌾 70.1%
Archer ×92 · Skirmisher ×44 · Battering Ram ×13 · Mangonel ×2
Feudal
10:22
Castillos
19:05
Imperial
38:36
| APM promedio | 22.6 |
| APM pico | 55 |
| eAPM promedio | 14.5 |
| Aldeanos / militares | 120 / 82 |
Foco
⚔️ 37.0% · 🌾 63.0%
Mameluke ×70 · Camel Scout ×6 · Scout Cavalry ×6
Feudal
11:40
Castillos
26:39
Imperial
41:31
| APM promedio | 33.6 |
| APM pico | 77 |
| eAPM promedio | 18.6 |
| Aldeanos / militares | 134 / 98 |
Foco
⚔️ 28.6% · 🌾 71.4%
Archer ×70 · Rattan Archer ×15 · Skirmisher ×13
Feudal
11:04
Castillos
15:32
Imperial
37:50
| APM promedio | 30.9 |
| APM pico | 66 |
| eAPM promedio | 15.3 |
| Aldeanos / militares | 130 / 35 |
Foco
⚔️ 17.8% · 🌾 82.2%
Battle Elephant ×20 · Ballista Elephant ×7 · Monk ×5 · Trebuchet (Packed) ×2 · Scorpion ×1
Feudal
10:44
Castillos
14:57
Imperial
33:59
| APM promedio | 32.7 |
| APM pico | 67 |
| eAPM promedio | 17.2 |
| Aldeanos / militares | 122 / 121 |
Foco
⚔️ 27.5% · 🌾 72.5%
Knight ×113 · Bombard Cannon ×5 · Trebuchet (Packed) ×3
Feudal
9:41
Castillos
28:06
Imperial
37:39
| APM promedio | 39.9 |
| APM pico | 96 |
| eAPM promedio | 15.0 |
| Aldeanos / militares | 96 / 64 |
Foco
⚔️ 33.7% · 🌾 66.3%
Archer ×56 · Longbowman ×5 · Spearman ×3
Feudal
10:55
Castillos
14:58
Imperial
35:45
| APM promedio | 33.3 |
| APM pico | 59 |
| eAPM promedio | 20.8 |
| Aldeanos / militares | 151 / 101 |
Foco
⚔️ 37.0% · 🌾 63.0%
Knight ×75 · Conquistador ×19 · Trebuchet (Packed) ×7
Mapa de la partida
Recursos iniciales + cada clic de construcción. Líneas = muros · curvas = relieve. ◆ oro · ⬟ piedra · ● bayas · ✦ reliquia · ◌ hueco del cierre
Tu base· ✓ Cerrada en 17:32 · 32t muro · sin puerta
Base de CARACODUENDE· Abierta — el rival se encerró
Base de VenenoMcc· Abierta — el rival se encerró
Base de Camagroc· ✓ Cerrada en 26:39 · 52t muro · 2 puerta(s)
Base de pequeñobro· Abierta — el rival se encerró
Base de deju30· ✓ Cerrada en 14:57 · 0t muro · sin puerta
Base de FenixFire· ✓ Cerrada en 28:06 · 26t muro · sin puerta
Base de O P T I M U S· ✓ Cerrada en 14:58 · 0t muro · sin puerta
Terreno inicial suavizado · ◌ = hueco del cierre detectado · pasá el cursor para detalles
Inputs por minuto
— [AJJRR] Minillop - - CARACODUENDE
Build order — [AJJRR] Minillop
Primeras 150 de 263 acciones detectadas
| 0:01 | Crear | Villager (Male) |
| 0:01 | Crear | Villager (Male) |
| 0:01 | Crear | Villager (Male) |
| 0:03 | Construir | House |
| 0:04 | Construir | House |
| 0:25 | Crear | Villager (Male) |
| 1:27 | Crear | Villager (Male) |
| 1:27 | Crear | Villager (Male) |
| 1:56 | Crear | Villager (Male) |
| 2:16 | Construir | Lumber Camp |
| 2:20 | Crear | Villager (Male) |
| 2:48 | Crear | Villager (Male) |
| 3:00 | Crear | Villager (Male) |
| 3:32 | Construir | House |
| 3:45 | Crear | Villager (Male) |
| 3:53 | Crear | Villager (Male) |
| 4:32 | Investigar | Loom |
| 4:41 | Construir | Mill |
| 4:46 | Crear | Villager (Male) |
| 4:46 | Crear | Villager (Male) |
| 4:48 | Crear | Villager (Male) |
| 4:58 | Construir | House |
| 5:10 | Crear | Villager (Male) |
| 5:27 | Crear | Villager (Male) |
| 5:28 | Crear | Villager (Male) |
| 5:28 | Crear | Villager (Male) |
| 5:53 | Construir | Palisade Wall |
| 6:10 | Crear | Villager (Male) |
| 6:10 | Crear | Villager (Male) |
| 6:27 | Construir | Palisade Wall |
| 6:33 | Construir | Palisade Wall |
| 6:34 | Construir | Palisade Wall |
| 6:38 | Construir | Palisade Wall |
| 6:53 | Crear | Villager (Male) |
| 7:11 | Construir | Mill |
| 7:27 | Construir | House |
| 7:58 | Construir | Palisade Wall |
| 8:01 | Construir | House |
| 8:03 | Construir | Palisade Wall |
| 8:07 | Crear | Villager (Male) |
| 8:09 | Crear | Villager (Male) |
| 10:07 | Investigar | Feudal Age |
| 10:24 | Construir | House |
| 10:33 | Crear | Villager (Male) |
| 10:33 | Crear | Villager (Male) |
| 10:50 | Construir | Mining Camp |
| 11:17 | Construir | House |
| 11:36 | Construir | House |
| 11:53 | Construir | House |
| 12:01 | Construir | House |
| 12:11 | Construir | House |
| 12:17 | Edad | Edad Feudal |
| 12:42 | Crear | Villager (Male) |
| 12:42 | Crear | Villager (Male) |
| 12:56 | Construir | Blacksmith |
| 13:11 | Construir | Watch Tower |
| 13:18 | Construir | House |
| 13:37 | Construir | Palisade Wall |
| 13:50 | Crear | Villager (Male) |
| 13:51 | Crear | Villager (Male) |
| 14:00 | Construir | Market |
| 14:27 | Construir | Blacksmith |
| 14:41 | Construir | House |
| 14:45 | Construir | House |
| 14:52 | Investigar | Castle Age |
| 15:15 | Construir | Mining Camp |
| 15:41 | Construir | Barracks |
| 16:03 | Construir | House |
| 16:37 | Crear | Villager (Male) |
| 16:37 | Crear | Villager (Male) |
| 16:55 | Investigar | Horse Collar |
| 17:00 | Construir | Farm |
| 17:00 | Construir | Farm |
| 17:00 | Construir | Farm |
| 17:00 | Construir | Farm |
| 17:01 | Construir | Farm |
| 17:12 | Construir | House |
| 17:32 | Edad | Edad de los Castillos |
| 17:40 | Crear | Unit 1974 |
| 17:47 | Construir | Farm |
| 18:47 | Crear | Villager (Male) |
| 18:48 | Crear | Villager (Male) |
| 18:58 | Construir | House |
| 19:15 | Construir | Farm |
| 19:20 | Crear | Villager (Male) |
| 19:30 | Construir | Town Center |
| 20:18 | Crear | Villager (Male) |
| 20:18 | Crear | Villager (Male) |
| 20:25 | Construir | Town Center |
| 21:39 | Construir | Barracks |
| 21:56 | Crear | Unit 1974 |
| 21:57 | Crear | Unit 1974 |
| 22:00 | Crear | Villager (Male) |
| 22:00 | Crear | Villager (Male) |
| 22:02 | Crear | Villager (Male) ×2 |
| 23:09 | Construir | Castle |
| 23:30 | Investigar | Squires |
| 23:33 | Investigar | Scale Mail Armor |
| 23:41 | Crear | Villager (Male) |
| 23:45 | Construir | Farm |
| 23:49 | Construir | Farm |
| 23:50 | Construir | Farm |
| 23:50 | Construir | Farm |
| 23:50 | Construir | Farm |
| 23:50 | Construir | Farm |
| 24:31 | Crear | Unit 1974 ×2 |
| 25:03 | Crear | Unit 1974 |
| 25:03 | Crear | Unit 1974 |
| 25:10 | Investigar | Fletching |
| 25:10 | Investigar | Fletching |
| 25:13 | Construir | Mining Camp |
| 25:36 | Crear | Villager (Male) ×2 |
| 25:43 | Construir | Farm |
| 25:48 | Crear | Villager (Male) |
| 25:58 | Crear | Villager (Male) ×5 |
| 26:00 | Investigar | Double-Bit Axe |
| 26:58 | Construir | Barracks |
| 27:05 | Construir | Siege Workshop |
| 27:24 | Crear | Villager (Male) ×5 |
| 27:25 | Crear | Villager (Male) |
| 27:39 | Construir | Mill |
| 27:40 | Construir | Farm |
| 27:40 | Construir | Farm |
| 27:40 | Construir | Farm |
| 27:41 | Construir | Farm |
| 27:41 | Construir | Farm |
| 27:41 | Construir | Farm |
| 27:41 | Construir | Farm |
| 27:41 | Construir | Farm |
| 27:42 | Construir | Farm |
| 27:43 | Construir | Farm |
| 27:43 | Construir | Farm |
| 27:43 | Construir | Farm |
| 27:53 | Construir | Farm |
| 27:53 | Construir | Farm |
| 27:54 | Construir | Farm |
| 27:54 | Construir | Farm |
| 27:54 | Construir | Farm |
| 27:56 | Crear | Villager (Male) ×4 |
| 28:15 | Investigar | Bow Saw |
| 28:26 | Investigar | Bodkin Arrow |
| 28:32 | Crear | Villager (Male) |
| 28:44 | Crear | Battering Ram |
| 28:50 | Crear | Unit 1974 ×2 |
| 29:34 | Investigar | Chain Mail Armor |
| 29:50 | Investigar | Town Watch |
| 29:58 | Crear | Villager (Male) ×3 |
| 30:03 | Construir | Farm |
| 30:03 | Construir | Farm |
| 30:03 | Construir | Farm |
Build order — CARACODUENDE
Primeras 150 de 396 acciones detectadas
| 0:00 | Crear | Villager (Male) |
| 0:01 | Crear | Villager (Male) |
| 0:01 | Crear | Villager (Male) |
| 0:01 | Crear | Villager (Male) |
| 0:02 | Crear | Villager (Male) |
| 0:02 | Construir | House |
| 0:04 | Construir | House |
| 1:28 | Crear | Villager (Male) |
| 1:29 | Crear | Villager (Male) |
| 1:42 | Crear | Villager (Male) |
| 1:42 | Crear | Villager (Male) |
| 2:15 | Construir | Lumber Camp |
| 2:18 | Crear | Villager (Male) |
| 2:44 | Crear | Villager (Male) |
| 2:44 | Crear | Villager (Male) |
| 2:44 | Crear | Villager (Male) |
| 3:15 | Crear | Villager (Male) |
| 3:15 | Crear | Villager (Male) |
| 3:15 | Crear | Villager (Male) |
| 3:36 | Crear | Villager (Male) |
| 3:37 | Crear | Villager (Male) |
| 3:55 | Construir | House |
| 3:56 | Construir | House |
| 4:05 | Crear | Villager (Male) |
| 4:05 | Crear | Villager (Male) |
| 4:05 | Crear | Villager (Male) |
| 4:21 | Construir | Mill |
| 4:24 | Crear | Villager (Male) |
| 4:25 | Crear | Villager (Male) |
| 4:29 | Crear | Villager (Male) |
| 4:29 | Crear | Villager (Male) |
| 5:01 | Crear | Villager (Male) |
| 5:02 | Crear | Villager (Male) |
| 5:38 | Crear | Villager (Male) |
| 5:41 | Crear | Villager (Male) |
| 5:43 | Investigar | Loom |
| 5:43 | Investigar | Loom |
| 6:42 | Investigar | Feudal Age |
| 6:42 | Investigar | Feudal Age |
| 6:42 | Investigar | Feudal Age |
| 6:51 | Construir | Barracks |
| 7:34 | Construir | House |
| 7:57 | Construir | Mining Camp |
| 8:52 | Edad | Edad Feudal |
| 9:08 | Construir | Archery Range |
| 9:22 | Crear | Villager (Male) |
| 9:22 | Crear | Villager (Male) |
| 9:36 | Crear | Villager (Male) |
| 9:41 | Investigar | Double-Bit Axe |
| 9:41 | Investigar | Double-Bit Axe |
| 9:47 | Crear | Archer |
| 9:47 | Crear | Archer |
| 9:51 | Construir | House |
| 10:07 | Crear | Villager (Male) |
| 10:28 | Crear | Villager (Male) |
| 10:35 | Construir | Archery Range |
| 10:39 | Crear | Archer |
| 10:46 | Crear | Villager (Male) |
| 10:53 | Construir | Palisade Wall |
| 11:19 | Crear | Archer |
| 11:20 | Construir | House |
| 11:22 | Crear | Villager (Male) |
| 11:36 | Crear | Archer |
| 11:36 | Crear | Archer |
| 11:52 | Crear | Villager (Male) |
| 11:55 | Construir | Farm |
| 11:58 | Crear | Archer |
| 11:58 | Crear | Archer |
| 11:58 | Crear | Archer |
| 11:58 | Crear | Archer |
| 12:03 | Construir | House |
| 12:31 | Crear | Archer |
| 12:42 | Construir | Farm |
| 12:43 | Construir | Farm |
| 12:49 | Crear | Archer |
| 12:49 | Crear | Archer |
| 13:03 | Construir | Palisade Wall |
| 13:12 | Construir | House |
| 13:14 | Crear | Archer |
| 13:14 | Crear | Archer |
| 13:14 | Crear | Archer |
| 13:27 | Construir | Palisade Gate |
| 13:33 | Crear | Villager (Male) |
| 13:33 | Crear | Villager (Male) |
| 13:39 | Construir | House |
| 13:41 | Construir | Palisade Wall |
| 13:51 | Crear | Archer |
| 13:51 | Crear | Archer |
| 13:52 | Crear | Villager (Male) |
| 13:56 | Construir | Farm |
| 13:57 | Construir | Farm |
| 13:59 | Construir | Farm |
| 14:07 | Construir | Palisade Wall |
| 14:32 | Crear | Archer |
| 14:36 | Crear | Villager (Male) |
| 14:36 | Crear | Villager (Male) |
| 14:37 | Crear | Villager (Male) |
| 14:39 | Construir | Farm |
| 14:42 | Construir | Farm |
| 14:45 | Crear | Villager (Male) |
| 14:46 | Crear | Villager (Male) |
| 14:46 | Crear | Villager (Male) |
| 14:48 | Crear | Archer |
| 14:48 | Crear | Archer |
| 14:49 | Crear | Archer |
| 14:49 | Crear | Archer |
| 15:01 | Construir | Palisade Gate |
| 15:10 | Crear | Archer |
| 15:10 | Crear | Archer |
| 15:10 | Crear | Archer |
| 15:25 | Crear | Villager (Male) |
| 15:31 | Crear | Villager (Male) |
| 15:45 | Crear | Villager (Male) |
| 15:50 | Construir | House |
| 15:57 | Construir | Blacksmith |
| 16:01 | Crear | Villager (Male) |
| 16:05 | Crear | Archer |
| 16:05 | Crear | Archer |
| 16:05 | Crear | Archer |
| 16:05 | Crear | Archer |
| 16:14 | Crear | Villager (Male) |
| 16:24 | Construir | House |
| 16:24 | Construir | House |
| 16:36 | Investigar | Town Watch |
| 16:36 | Investigar | Town Watch |
| 16:40 | Crear | Villager (Male) |
| 16:41 | Crear | Villager (Male) |
| 16:46 | Construir | Farm |
| 16:49 | Investigar | Fletching |
| 16:50 | Investigar | Fletching |
| 17:15 | Crear | Villager (Male) |
| 17:20 | Construir | Farm |
| 17:22 | Construir | Farm |
| 17:41 | Crear | Villager (Male) |
| 17:44 | Construir | Farm |
| 18:35 | Crear | Archer |
| 18:35 | Crear | Archer |
| 18:35 | Crear | Archer |
| 18:36 | Crear | Archer |
| 18:37 | Crear | Archer |
| 19:21 | Crear | Archer |
| 19:22 | Investigar | Castle Age |
| 19:22 | Investigar | Castle Age |
| 19:22 | Investigar | Castle Age |
| 19:32 | Crear | Villager (Male) |
| 19:55 | Crear | Archer |
| 19:55 | Crear | Archer |
| 19:57 | Investigar | Padded Archer Armor |
| 19:57 | Investigar | Padded Archer Armor |
| 19:57 | Investigar | Padded Archer Armor |
Build order — VenenoMcc
Primeras 150 de 339 acciones detectadas
| 0:03 | Crear | Villager (Male) |
| 0:03 | Crear | Villager (Male) |
| 0:04 | Crear | Villager (Male) |
| 0:04 | Crear | Villager (Male) |
| 0:08 | Construir | House |
| 0:09 | Construir | House |
| 0:10 | Construir | House |
| 1:34 | Crear | Villager (Male) |
| 2:11 | Crear | Villager (Male) |
| 2:37 | Crear | Villager (Male) |
| 3:05 | Crear | Villager (Male) |
| 3:05 | Crear | Villager (Male) |
| 3:05 | Crear | Villager (Male) |
| 3:28 | Construir | Lumber Camp |
| 3:35 | Investigar | Loom |
| 3:47 | Crear | Villager (Male) |
| 4:28 | Crear | Villager (Male) |
| 4:59 | Crear | Villager (Male) |
| 5:22 | Crear | Villager (Male) |
| 5:48 | Crear | Villager (Male) |
| 5:55 | Construir | House |
| 6:16 | Crear | Villager (Male) |
| 6:34 | Construir | Mill |
| 6:41 | Crear | Villager (Male) |
| 7:09 | Crear | Villager (Male) |
| 7:35 | Construir | Mining Camp |
| 7:44 | Crear | Villager (Male) |
| 8:00 | Crear | Villager (Male) |
| 8:12 | Investigar | Feudal Age |
| 8:24 | Construir | Mill |
| 9:16 | Crear | Villager (Male) |
| 9:17 | Crear | Villager (Male) |
| 9:35 | Construir | Lumber Camp |
| 9:53 | Construir | House |
| 10:21 | Construir | House |
| 10:22 | Edad | Edad Feudal |
| 10:56 | Investigar | Double-Bit Axe |
| 10:58 | Crear | Villager (Male) |
| 10:58 | Crear | Villager (Male) |
| 11:26 | Construir | Market |
| 11:43 | Crear | Villager (Male) |
| 11:49 | Construir | Blacksmith |
| 11:55 | Construir | House |
| 12:13 | Construir | Farm |
| 12:20 | Crear | Villager (Male) |
| 12:25 | Construir | Farm |
| 13:00 | Crear | Villager (Male) |
| 13:00 | Crear | Villager (Male) |
| 13:08 | Construir | Farm |
| 13:21 | Construir | Farm |
| 13:34 | Construir | Mining Camp |
| 13:43 | Crear | Villager (Male) |
| 13:57 | Construir | Farm |
| 14:00 | Construir | Farm |
| 14:10 | Crear | Villager (Male) |
| 14:38 | Crear | Villager (Male) |
| 14:46 | Construir | Farm |
| 14:54 | Construir | Farm |
| 14:58 | Crear | Villager (Male) |
| 15:22 | Crear | Villager (Male) |
| 15:36 | Construir | Lumber Camp |
| 15:46 | Construir | Farm |
| 15:52 | Crear | Villager (Male) |
| 16:02 | Construir | Farm |
| 16:04 | Construir | Farm |
| 16:18 | Construir | Farm |
| 16:25 | Investigar | Castle Age |
| 16:41 | Construir | House |
| 16:43 | Construir | House |
| 16:44 | Construir | House |
| 16:47 | Construir | House |
| 17:14 | Construir | House |
| 18:34 | Crear | Villager (Male) |
| 18:34 | Crear | Villager (Male) |
| 18:35 | Crear | Villager (Male) |
| 19:05 | Edad | Edad de los Castillos |
| 19:10 | Construir | Castle |
| 19:39 | Construir | Town Center |
| 19:48 | Crear | Villager (Male) |
| 19:48 | Crear | Villager (Male) |
| 20:25 | Construir | House |
| 20:31 | Construir | House |
| 20:36 | Construir | House |
| 20:44 | Crear | Villager (Male) |
| 20:44 | Crear | Villager (Male) |
| 21:16 | Crear | Mameluke |
| 21:16 | Crear | Mameluke |
| 21:16 | Crear | Mameluke |
| 21:17 | Crear | Mameluke |
| 21:25 | Construir | Farm |
| 21:27 | Construir | Farm |
| 21:28 | Construir | Farm |
| 21:29 | Construir | Farm |
| 21:36 | Crear | Villager (Male) |
| 21:41 | Construir | Farm |
| 21:46 | Construir | Farm |
| 21:47 | Construir | Farm |
| 21:53 | Crear | Villager (Male) |
| 21:54 | Crear | Villager (Male) |
| 21:55 | Crear | Villager (Male) |
| 21:55 | Crear | Villager (Male) |
| 21:55 | Crear | Villager (Male) |
| 22:10 | Crear | Mameluke |
| 22:10 | Crear | Mameluke |
| 22:11 | Crear | Mameluke |
| 22:15 | Investigar | Scale Barding Armor |
| 22:20 | Construir | Farm |
| 22:28 | Construir | Farm |
| 22:30 | Construir | Farm |
| 22:32 | Construir | Farm |
| 22:34 | Crear | Villager (Male) |
| 22:35 | Crear | Villager (Male) |
| 22:36 | Crear | Villager (Male) |
| 22:37 | Crear | Villager (Male) |
| 23:30 | Crear | Mameluke |
| 23:30 | Crear | Mameluke |
| 23:31 | Crear | Mameluke |
| 24:00 | Crear | Mameluke |
| 24:01 | Crear | Mameluke |
| 24:08 | Crear | Villager (Male) |
| 24:09 | Crear | Villager (Male) |
| 24:09 | Crear | Villager (Male) |
| 24:10 | Crear | Villager (Male) |
| 24:10 | Crear | Villager (Male) |
| 24:23 | Crear | Villager (Male) |
| 24:55 | Crear | Villager (Male) |
| 24:55 | Crear | Villager (Male) |
| 24:58 | Construir | Farm |
| 24:59 | Crear | Villager (Male) |
| 24:59 | Crear | Villager (Male) |
| 25:07 | Crear | Mameluke |
| 25:47 | Construir | Farm |
| 25:53 | Construir | Town Center |
| 25:55 | Crear | Villager (Male) |
| 25:55 | Crear | Villager (Male) |
| 25:55 | Crear | Villager (Male) |
| 25:59 | Crear | Villager (Male) |
| 26:00 | Crear | Villager (Male) |
| 26:00 | Crear | Villager (Male) |
| 26:16 | Crear | Mameluke |
| 26:17 | Crear | Mameluke |
| 26:17 | Crear | Mameluke |
| 26:24 | Construir | Mining Camp |
| 26:39 | Construir | Barracks |
| 26:48 | Crear | Mameluke |
| 26:48 | Crear | Mameluke |
| 26:50 | Crear | Villager (Male) |
| 26:50 | Crear | Villager (Male) |
| 27:25 | Crear | Villager (Male) |
| 27:25 | Crear | Villager (Male) |
Build order — Camagroc
Primeras 150 de 373 acciones detectadas
| 0:02 | Crear | Villager (Male) |
| 0:02 | Crear | Villager (Male) |
| 0:02 | Crear | Villager (Male) |
| 0:04 | Construir | House |
| 0:06 | Construir | House |
| 0:25 | Crear | Villager (Male) |
| 1:27 | Crear | Villager (Male) |
| 1:27 | Crear | Villager (Male) |
| 1:57 | Crear | Villager (Male) |
| 1:57 | Crear | Villager (Male) |
| 2:21 | Crear | Villager (Male) |
| 2:21 | Crear | Villager (Male) |
| 3:08 | Crear | Villager (Male) |
| 3:09 | Crear | Villager (Male) |
| 3:13 | Construir | Lumber Camp |
| 3:41 | Crear | Villager (Male) |
| 4:08 | Construir | House |
| 4:41 | Crear | Villager (Male) |
| 4:42 | Crear | Villager (Male) |
| 4:42 | Crear | Villager (Male) |
| 4:42 | Crear | Villager (Male) |
| 5:04 | Crear | Villager (Male) |
| 5:10 | Construir | Mill |
| 5:43 | Crear | Villager (Male) |
| 5:50 | Crear | Villager (Male) |
| 6:14 | Construir | House |
| 6:50 | Crear | Villager (Male) |
| 6:50 | Crear | Villager (Male) |
| 7:21 | Crear | Villager (Male) |
| 7:22 | Crear | Villager (Male) |
| 7:22 | Crear | Villager (Male) |
| 7:35 | Crear | Villager (Male) |
| 7:36 | Crear | Villager (Male) |
| 8:01 | Crear | Villager (Male) |
| 8:02 | Crear | Villager (Male) |
| 8:31 | Construir | Barracks |
| 8:40 | Construir | Mining Camp |
| 8:49 | Investigar | Loom |
| 9:08 | Construir | Palisade Wall |
| 9:10 | Construir | Palisade Wall |
| 9:30 | Investigar | Feudal Age |
| 9:52 | Construir | Palisade Wall |
| 10:06 | Construir | House |
| 10:56 | Construir | Palisade Wall |
| 11:06 | Construir | Palisade Wall |
| 11:29 | Construir | Palisade Wall |
| 11:40 | Edad | Edad Feudal |
| 11:43 | Crear | Villager (Male) |
| 11:44 | Crear | Villager (Male) |
| 11:58 | Construir | Farm |
| 11:58 | Construir | Farm |
| 11:58 | Construir | Farm |
| 11:59 | Construir | Farm |
| 11:59 | Construir | Farm |
| 11:59 | Construir | Farm |
| 12:03 | Crear | Villager (Male) |
| 12:03 | Crear | Villager (Male) |
| 12:35 | Crear | Villager (Male) |
| 12:36 | Crear | Villager (Male) |
| 13:04 | Construir | Archery Range |
| 13:20 | Crear | Villager (Male) |
| 13:21 | Crear | Villager (Male) |
| 13:27 | Construir | House |
| 13:38 | Crear | Skirmisher |
| 13:39 | Crear | Skirmisher |
| 14:33 | Crear | Skirmisher |
| 14:33 | Crear | Skirmisher |
| 14:33 | Crear | Skirmisher |
| 15:11 | Crear | Skirmisher |
| 15:11 | Crear | Skirmisher |
| 15:51 | Construir | Blacksmith |
| 15:58 | Investigar | Double-Bit Axe |
| 15:59 | Crear | Villager (Male) |
| 15:59 | Crear | Villager (Male) |
| 16:03 | Investigar | Town Watch |
| 16:36 | Crear | Villager (Male) |
| 16:36 | Crear | Villager (Male) |
| 16:37 | Crear | Villager (Male) |
| 16:41 | Construir | House |
| 16:42 | Construir | House |
| 17:07 | Construir | House |
| 17:07 | Construir | House |
| 17:07 | Construir | House |
| 17:12 | Crear | Villager (Male) |
| 17:12 | Crear | Villager (Male) |
| 17:17 | Construir | Farm |
| 17:18 | Construir | Farm |
| 17:18 | Construir | Farm |
| 17:18 | Construir | Farm |
| 17:18 | Construir | Farm |
| 17:39 | Construir | Farm |
| 17:50 | Crear | Villager (Male) |
| 17:50 | Crear | Villager (Male) |
| 18:09 | Construir | Farm |
| 18:22 | Construir | Farm |
| 18:22 | Construir | Farm |
| 18:22 | Construir | Farm |
| 18:33 | Construir | Palisade Gate |
| 18:50 | Crear | Villager (Male) |
| 18:50 | Crear | Villager (Male) |
| 19:09 | Investigar | Fletching |
| 19:20 | Crear | Villager (Male) |
| 19:20 | Crear | Villager (Male) |
| 19:50 | Crear | Skirmisher |
| 19:51 | Crear | Skirmisher |
| 20:08 | Investigar | Padded Archer Armor |
| 20:11 | Crear | Villager (Male) |
| 20:11 | Crear | Villager (Male) |
| 20:19 | Construir | Lumber Camp |
| 20:26 | Construir | Lumber Camp |
| 20:36 | Crear | Skirmisher |
| 20:36 | Crear | Skirmisher |
| 20:37 | Crear | Villager (Male) |
| 21:49 | Construir | Archery Range |
| 21:56 | Construir | Farm |
| 21:57 | Construir | Farm |
| 21:57 | Construir | Farm |
| 22:01 | Crear | Villager (Male) |
| 22:01 | Crear | Villager (Male) |
| 22:31 | Crear | Skirmisher |
| 22:31 | Crear | Skirmisher |
| 23:59 | Investigar | Castle Age |
| 24:00 | Investigar | Castle Age |
| 24:47 | Construir | Stone Wall |
| 24:53 | Construir | Stone Wall |
| 24:59 | Construir | Farm |
| 25:01 | Investigar | Gold Mining |
| 25:05 | Investigar | Horse Collar |
| 25:25 | Investigar | Forging |
| 25:34 | Construir | Mining Camp |
| 25:46 | Crear | Villager (Male) |
| 25:46 | Crear | Villager (Male) |
| 25:46 | Crear | Villager (Male) |
| 25:58 | Crear | Archer |
| 25:58 | Crear | Archer |
| 25:58 | Crear | Archer |
| 25:59 | Crear | Archer |
| 25:59 | Crear | Archer |
| 26:11 | Construir | Stone Wall |
| 26:15 | Construir | Stone Wall |
| 26:24 | Construir | Gate |
| 26:33 | Investigar | Wheelbarrow |
| 26:39 | Edad | Edad de los Castillos |
| 26:47 | Construir | Town Center |
| 27:00 | Construir | Farm |
| 27:00 | Construir | Farm |
| 27:01 | Construir | Farm |
| 27:01 | Construir | Farm |
| 27:01 | Construir | Farm |
| 27:01 | Construir | Farm |
Build order — pequeñobro
Primeras 150 de 322 acciones detectadas
| 0:02 | Crear | Villager (Male) |
| 0:02 | Crear | Villager (Male) |
| 0:03 | Crear | Villager (Male) |
| 0:04 | Construir | House |
| 0:06 | Construir | House |
| 0:41 | Crear | Villager (Male) |
| 1:39 | Crear | Villager (Male) |
| 2:06 | Crear | Villager (Male) |
| 2:06 | Crear | Villager (Male) |
| 2:07 | Crear | Villager (Male) |
| 2:29 | Crear | Villager (Male) |
| 2:29 | Crear | Villager (Male) |
| 2:32 | Construir | Lumber Camp |
| 2:55 | Crear | Villager (Male) |
| 2:56 | Crear | Villager (Male) |
| 2:56 | Crear | Villager (Male) |
| 2:58 | Investigar | Loom |
| 3:14 | Construir | House |
| 3:38 | Crear | Villager (Male) |
| 3:38 | Crear | Villager (Male) |
| 4:05 | Crear | Villager (Male) |
| 4:06 | Crear | Villager (Male) |
| 4:20 | Crear | Villager (Male) |
| 4:21 | Crear | Villager (Male) |
| 4:40 | Crear | Villager (Male) |
| 4:41 | Crear | Villager (Male) |
| 5:30 | Crear | Villager (Male) |
| 5:51 | Crear | Villager (Male) |
| 5:59 | Construir | Mill |
| 6:02 | Crear | Villager (Male) |
| 6:13 | Construir | House |
| 6:42 | Crear | Villager (Male) |
| 6:42 | Crear | Villager (Male) |
| 7:34 | Crear | Villager (Male) |
| 7:47 | Construir | House |
| 8:02 | Construir | Mining Camp |
| 8:13 | Crear | Villager (Male) |
| 8:33 | Construir | Mill |
| 8:36 | Construir | Farm |
| 8:54 | Investigar | Feudal Age |
| 9:14 | Construir | Farm |
| 10:39 | Crear | Villager (Male) |
| 10:39 | Crear | Villager (Male) |
| 10:39 | Crear | Villager (Male) |
| 11:04 | Edad | Edad Feudal |
| 11:09 | Construir | Market |
| 11:56 | Construir | Blacksmith |
| 12:52 | Investigar | Castle Age |
| 12:52 | Investigar | Castle Age |
| 13:07 | Construir | Mining Camp |
| 13:30 | Construir | Palisade Wall |
| 13:59 | Construir | House |
| 14:07 | Investigar | Double-Bit Axe |
| 14:10 | Investigar | Horse Collar |
| 15:32 | Edad | Edad de los Castillos |
| 15:42 | Crear | Villager (Male) |
| 15:42 | Crear | Villager (Male) |
| 15:49 | Construir | Town Center |
| 15:54 | Crear | Villager (Male) |
| 15:54 | Crear | Villager (Male) |
| 16:29 | Construir | Town Center |
| 16:32 | Crear | Villager (Male) |
| 17:00 | Crear | Villager (Male) |
| 17:25 | Crear | Villager (Male) |
| 17:25 | Crear | Villager (Male) |
| 17:40 | Construir | Farm |
| 17:59 | Construir | Farm |
| 18:05 | Crear | Villager (Male) |
| 18:05 | Crear | Villager (Male) |
| 18:21 | Construir | Farm |
| 18:22 | Construir | Farm |
| 18:29 | Crear | Villager (Male) |
| 18:29 | Crear | Villager (Male) |
| 18:38 | Construir | Farm |
| 18:45 | Construir | Farm |
| 18:50 | Construir | Farm |
| 18:58 | Construir | Farm |
| 19:01 | Construir | Farm |
| 19:06 | Construir | Farm |
| 19:10 | Crear | Villager (Male) |
| 19:11 | Crear | Villager (Male) |
| 19:36 | Construir | Castle |
| 19:39 | Crear | Villager (Male) |
| 19:39 | Crear | Villager (Male) |
| 19:43 | Construir | Farm |
| 19:45 | Construir | Farm |
| 19:46 | Construir | Farm |
| 19:47 | Construir | Farm |
| 19:58 | Crear | Villager (Male) |
| 19:58 | Crear | Villager (Male) |
| 20:02 | Construir | Farm |
| 20:39 | Construir | Castle |
| 20:40 | Crear | Villager (Male) |
| 20:40 | Crear | Villager (Male) |
| 20:44 | Construir | House |
| 20:47 | Construir | House |
| 20:50 | Construir | House |
| 20:54 | Crear | Villager (Male) |
| 20:54 | Crear | Villager (Male) |
| 20:55 | Crear | Villager (Male) |
| 20:56 | Crear | Villager (Male) |
| 21:16 | Construir | Castle |
| 21:29 | Crear | Villager (Male) |
| 21:31 | Construir | Farm |
| 21:35 | Construir | Farm |
| 22:20 | Crear | Villager (Male) |
| 22:21 | Crear | Villager (Male) |
| 22:24 | Crear | Villager (Male) |
| 22:24 | Crear | Villager (Male) |
| 22:25 | Crear | Villager (Male) |
| 22:25 | Crear | Villager (Male) |
| 22:26 | Crear | Villager (Male) |
| 22:28 | Construir | Farm |
| 22:29 | Construir | Farm |
| 22:30 | Construir | Farm |
| 22:33 | Crear | Villager (Male) |
| 22:56 | Crear | Villager (Male) |
| 22:56 | Crear | Villager (Male) |
| 23:09 | Construir | Monastery |
| 23:15 | Crear | Villager (Male) |
| 23:19 | Crear | Villager (Male) |
| 23:19 | Crear | Villager (Male) |
| 23:38 | Crear | Monk |
| 23:48 | Construir | House |
| 23:49 | Construir | House |
| 23:49 | Construir | House |
| 23:49 | Construir | House |
| 23:54 | Investigar | Wheelbarrow |
| 23:57 | Investigar | Bow Saw |
| 24:25 | Crear | Monk |
| 24:39 | Construir | House |
| 24:40 | Crear | Monk |
| 25:01 | Construir | House |
| 25:14 | Crear | Villager (Male) |
| 25:14 | Crear | Villager (Male) |
| 25:14 | Crear | Villager (Male) |
| 25:16 | Crear | Villager (Male) |
| 25:16 | Crear | Villager (Male) |
| 25:17 | Crear | Villager (Male) |
| 25:25 | Investigar | Hand Cart |
| 25:27 | Construir | House |
| 25:29 | Construir | House |
| 26:01 | Construir | Siege Workshop |
| 26:23 | Construir | Stable |
| 26:28 | Construir | Stable |
| 27:01 | Crear | Battle Elephant |
| 27:15 | Crear | Villager (Male) |
| 27:15 | Crear | Villager (Male) |
| 27:15 | Crear | Villager (Male) |
| 27:22 | Crear | Battle Elephant |
Build order — deju30
Primeras 150 de 403 acciones detectadas
| 0:01 | Crear | Villager (Male) |
| 0:02 | Crear | Villager (Male) |
| 0:02 | Crear | Villager (Male) |
| 0:04 | Construir | House |
| 0:05 | Construir | House |
| 0:23 | Crear | Villager (Male) |
| 0:27 | Crear | Villager (Male) |
| 1:26 | Crear | Villager (Male) |
| 2:00 | Crear | Villager (Male) |
| 2:16 | Crear | Villager (Male) |
| 3:01 | Construir | Lumber Camp |
| 3:14 | Crear | Villager (Male) |
| 3:14 | Crear | Villager (Male) |
| 3:17 | Construir | House |
| 3:40 | Crear | Villager (Male) |
| 4:00 | Crear | Villager (Male) |
| 4:12 | Construir | Mill |
| 4:17 | Crear | Villager (Male) |
| 4:53 | Crear | Villager (Male) |
| 4:57 | Construir | House |
| 5:20 | Crear | Villager (Male) |
| 5:30 | Crear | Villager (Male) |
| 6:08 | Crear | Villager (Male) |
| 6:08 | Crear | Villager (Male) |
| 6:09 | Crear | Villager (Male) |
| 6:58 | Crear | Villager (Male) |
| 7:23 | Crear | Villager (Male) |
| 7:23 | Crear | Villager (Male) |
| 8:13 | Construir | Mining Camp |
| 8:34 | Crear | Villager (Male) |
| 8:40 | Investigar | Feudal Age |
| 9:16 | Construir | Barracks |
| 10:13 | Construir | House |
| 10:23 | Construir | House |
| 10:44 | Edad | Edad Feudal |
| 10:47 | Investigar | Wheelbarrow |
| 10:49 | Investigar | Loom |
| 11:13 | Construir | Blacksmith |
| 11:39 | Construir | Stable |
| 12:32 | Investigar | Castle Age |
| 12:42 | Construir | Farm |
| 12:43 | Construir | Farm |
| 13:33 | Investigar | Double-Bit Axe |
| 14:07 | Construir | Farm |
| 14:08 | Construir | Farm |
| 14:37 | Construir | Farm |
| 14:57 | Edad | Edad de los Castillos |
| 14:57 | Crear | Knight |
| 14:58 | Crear | Knight |
| 14:59 | Crear | Villager (Male) |
| 14:59 | Crear | Villager (Male) |
| 15:28 | Crear | Villager (Male) |
| 15:29 | Crear | Knight |
| 15:37 | Crear | Villager (Male) |
| 16:11 | Construir | Town Center |
| 16:47 | Crear | Villager (Male) |
| 16:47 | Crear | Villager (Male) |
| 16:57 | Crear | Villager (Male) |
| 16:58 | Crear | Villager (Male) |
| 16:59 | Crear | Villager (Male) |
| 17:11 | Crear | Villager (Male) |
| 17:15 | Crear | Villager (Male) |
| 17:21 | Crear | Villager (Male) |
| 17:36 | Crear | Knight |
| 18:06 | Crear | Villager (Male) |
| 18:08 | Construir | House |
| 18:08 | Construir | House |
| 18:10 | Crear | Villager (Male) |
| 18:31 | Crear | Villager (Male) |
| 18:40 | Construir | Town Center |
| 19:18 | Crear | Villager (Male) |
| 19:20 | Construir | House |
| 19:20 | Construir | House |
| 19:27 | Crear | Knight |
| 19:49 | Crear | Villager (Male) |
| 19:52 | Crear | Villager (Male) |
| 19:53 | Construir | House |
| 19:54 | Construir | House |
| 20:19 | Construir | Farm |
| 20:19 | Construir | Farm |
| 20:20 | Construir | Farm |
| 20:22 | Construir | Farm |
| 20:23 | Construir | Farm |
| 20:27 | Construir | Farm |
| 20:28 | Construir | Farm |
| 20:30 | Construir | Farm |
| 20:32 | Crear | Villager (Male) |
| 20:43 | Construir | House |
| 20:44 | Construir | House |
| 20:46 | Construir | House |
| 21:15 | Crear | Villager (Male) |
| 21:17 | Crear | Villager (Male) |
| 21:28 | Crear | Knight |
| 21:28 | Crear | Knight |
| 21:59 | Crear | Villager (Male) |
| 22:01 | Crear | Knight |
| 22:03 | Crear | Villager (Male) |
| 22:08 | Construir | Farm |
| 22:09 | Construir | Farm |
| 22:10 | Construir | Farm |
| 22:14 | Construir | Farm |
| 22:15 | Construir | Farm |
| 22:15 | Construir | Farm |
| 22:16 | Construir | Farm |
| 22:17 | Construir | Farm |
| 22:33 | Crear | Villager (Male) |
| 22:39 | Construir | Farm |
| 22:39 | Construir | Farm |
| 22:41 | Construir | Farm |
| 22:42 | Construir | Farm |
| 22:44 | Crear | Villager (Male) |
| 22:47 | Crear | Villager (Male) |
| 22:48 | Crear | Villager (Male) |
| 23:27 | Crear | Villager (Male) |
| 23:28 | Crear | Villager (Male) |
| 23:29 | Crear | Villager (Male) |
| 23:29 | Crear | Villager (Male) |
| 23:31 | Crear | Villager (Male) |
| 23:45 | Construir | Town Center |
| 24:02 | Crear | Villager (Male) |
| 24:05 | Crear | Villager (Male) |
| 24:08 | Crear | Villager (Male) |
| 24:09 | Crear | Villager (Male) |
| 24:14 | Construir | Lumber Camp |
| 24:36 | Crear | Villager (Male) |
| 24:36 | Crear | Villager (Male) |
| 24:38 | Crear | Villager (Male) |
| 24:39 | Crear | Villager (Male) |
| 24:42 | Construir | Farm |
| 24:49 | Crear | Villager (Male) |
| 24:50 | Crear | Villager (Male) |
| 24:54 | Crear | Villager (Male) |
| 24:55 | Crear | Villager (Male) |
| 24:55 | Crear | Villager (Male) |
| 24:55 | Crear | Villager (Male) |
| 25:27 | Crear | Villager (Male) |
| 25:29 | Crear | Villager (Male) |
| 25:31 | Crear | Villager (Male) |
| 25:31 | Crear | Villager (Male) |
| 25:32 | Crear | Villager (Male) |
| 25:33 | Crear | Villager (Male) |
| 25:42 | Crear | Villager (Male) |
| 25:44 | Crear | Villager (Male) |
| 25:48 | Construir | House |
| 25:48 | Construir | House |
| 25:49 | Construir | House |
| 25:50 | Construir | House |
| 25:59 | Crear | Villager (Male) |
| 26:00 | Crear | Villager (Male) |
| 26:04 | Construir | Farm |
Build order — FenixFire
Primeras 150 de 278 acciones detectadas
| 0:04 | Crear | Villager (Male) |
| 0:05 | Crear | Villager (Male) |
| 0:05 | Crear | Villager (Male) |
| 0:06 | Construir | House |
| 0:08 | Construir | House |
| 1:00 | Crear | Villager (Male) |
| 1:00 | Crear | Villager (Male) |
| 1:25 | Crear | Villager (Male) |
| 1:25 | Crear | Villager (Male) |
| 1:54 | Crear | Villager (Male) |
| 1:54 | Crear | Villager (Male) |
| 2:05 | Construir | Lumber Camp |
| 2:14 | Crear | Villager (Male) |
| 2:14 | Crear | Villager (Male) |
| 2:36 | Crear | Villager (Male) |
| 2:36 | Crear | Villager (Male) |
| 3:11 | Crear | Villager (Male) |
| 3:11 | Crear | Villager (Male) |
| 3:52 | Construir | House |
| 3:57 | Crear | Villager (Male) |
| 3:58 | Crear | Villager (Male) |
| 4:08 | Crear | Villager (Male) |
| 4:09 | Crear | Villager (Male) |
| 4:17 | Construir | Mill |
| 4:36 | Crear | Villager (Male) |
| 5:03 | Construir | House |
| 5:19 | Crear | Villager (Male) |
| 5:20 | Crear | Villager (Male) |
| 5:26 | Crear | Villager (Male) |
| 5:26 | Crear | Villager (Male) |
| 5:52 | Crear | Villager (Male) |
| 6:23 | Construir | Mill |
| 6:36 | Crear | Villager (Male) |
| 6:38 | Investigar | Loom |
| 7:31 | Investigar | Feudal Age |
| 7:31 | Investigar | Feudal Age |
| 7:48 | Construir | Mining Camp |
| 8:30 | Construir | Barracks |
| 8:38 | Construir | House |
| 8:58 | Construir | Palisade Wall |
| 9:41 | Edad | Edad Feudal |
| 9:47 | Construir | Archery Range |
| 9:48 | Crear | Villager (Male) |
| 9:50 | Investigar | Double-Bit Axe |
| 9:51 | Crear | Villager (Male) |
| 10:21 | Construir | House |
| 10:34 | Crear | Archer |
| 10:34 | Crear | Archer |
| 10:40 | Crear | Villager (Male) |
| 10:55 | Crear | Villager (Male) |
| 11:08 | Crear | Archer |
| 11:23 | Crear | Spearman |
| 11:29 | Crear | Villager (Male) |
| 11:32 | Construir | Blacksmith |
| 11:37 | Crear | Archer |
| 11:48 | Crear | Villager (Male) |
| 11:52 | Construir | Palisade Wall |
| 11:54 | Crear | Villager (Male) |
| 12:00 | Construir | House |
| 12:02 | Construir | House |
| 12:09 | Crear | Archer |
| 12:22 | Investigar | Fletching |
| 13:01 | Crear | Villager (Male) |
| 13:05 | Construir | Archery Range |
| 13:11 | Crear | Archer |
| 13:11 | Crear | Archer |
| 13:22 | Crear | Villager (Male) |
| 13:29 | Construir | Farm |
| 13:32 | Construir | Farm |
| 13:39 | Crear | Archer |
| 13:39 | Crear | Archer |
| 14:07 | Crear | Archer |
| 14:07 | Crear | Archer |
| 14:25 | Crear | Archer |
| 14:27 | Crear | Archer |
| 14:30 | Construir | House |
| 14:31 | Construir | House |
| 14:33 | Investigar | Horse Collar |
| 15:18 | Crear | Archer |
| 15:19 | Crear | Archer |
| 15:23 | Construir | Farm |
| 15:55 | Construir | Farm |
| 15:58 | Construir | Farm |
| 15:59 | Construir | Farm |
| 16:32 | Crear | Villager (Male) |
| 16:36 | Crear | Villager (Male) |
| 16:40 | Crear | Archer |
| 16:40 | Crear | Archer |
| 16:40 | Crear | Villager (Male) |
| 16:57 | Crear | Villager (Male) |
| 17:01 | Construir | Farm |
| 17:07 | Construir | House |
| 17:08 | Construir | House |
| 17:09 | Construir | House |
| 17:46 | Crear | Archer |
| 17:47 | Crear | Archer |
| 17:47 | Crear | Archer |
| 17:47 | Crear | Archer |
| 18:04 | Crear | Villager (Male) |
| 18:05 | Crear | Villager (Male) |
| 18:08 | Crear | Spearman |
| 18:08 | Crear | Spearman |
| 18:16 | Construir | House |
| 18:25 | Crear | Archer |
| 18:25 | Crear | Archer |
| 18:28 | Crear | Villager (Male) |
| 18:33 | Construir | Farm |
| 18:34 | Construir | Farm |
| 18:39 | Investigar | Wheelbarrow |
| 18:54 | Construir | Palisade Wall |
| 19:24 | Crear | Archer |
| 19:24 | Crear | Archer |
| 19:25 | Crear | Villager (Male) |
| 19:36 | Crear | Archer |
| 19:37 | Crear | Archer |
| 20:18 | Crear | Villager (Male) |
| 20:22 | Construir | Mining Camp |
| 20:33 | Investigar | Padded Archer Armor |
| 20:37 | Crear | Villager (Male) |
| 21:22 | Crear | Villager (Male) |
| 21:28 | Construir | Lumber Camp |
| 21:42 | Crear | Archer |
| 21:43 | Crear | Archer |
| 22:43 | Construir | Market |
| 24:27 | Construir | Farm |
| 24:27 | Construir | Farm |
| 24:27 | Construir | Farm |
| 24:27 | Construir | Farm |
| 24:28 | Construir | Farm |
| 24:55 | Construir | Stone Wall |
| 25:26 | Investigar | Castle Age |
| 25:44 | Crear | Archer |
| 25:44 | Crear | Archer |
| 26:20 | Investigar | Gold Mining |
| 26:37 | Crear | Archer |
| 26:37 | Crear | Archer |
| 26:38 | Crear | Archer |
| 26:39 | Crear | Archer |
| 26:53 | Construir | Gate |
| 26:58 | Construir | Stone Wall |
| 27:54 | Construir | House |
| 27:57 | Construir | House |
| 28:00 | Construir | House |
| 28:06 | Edad | Edad de los Castillos |
| 28:10 | Investigar | Crossbowman (upgrade) |
| 28:20 | Construir | Town Center |
| 28:46 | Construir | Town Center |
| 28:51 | Crear | Villager (Male) |
| 28:55 | Crear | Archer |
| 28:56 | Crear | Archer |
Build order — O P T I M U S
Primeras 150 de 421 acciones detectadas
| 0:01 | Crear | Villager (Male) |
| 0:04 | Construir | House |
| 0:07 | Construir | House |
| 0:12 | Crear | Villager (Male) |
| 0:13 | Crear | Villager (Male) |
| 0:32 | Crear | Villager (Male) |
| 0:32 | Crear | Villager (Male) |
| 1:35 | Crear | Villager (Male) |
| 2:06 | Crear | Villager (Male) |
| 2:06 | Crear | Villager (Male) |
| 2:06 | Crear | Villager (Male) |
| 2:18 | Crear | Villager (Male) |
| 2:19 | Crear | Villager (Male) |
| 2:43 | Construir | Lumber Camp |
| 2:50 | Crear | Villager (Male) |
| 2:51 | Crear | Villager (Male) |
| 3:15 | Crear | Villager (Male) |
| 3:15 | Crear | Villager (Male) |
| 3:43 | Crear | Villager (Male) |
| 3:43 | Crear | Villager (Male) |
| 4:11 | Crear | Villager (Male) |
| 4:11 | Crear | Villager (Male) |
| 4:30 | Construir | House |
| 4:39 | Crear | Villager (Male) |
| 4:54 | Crear | Villager (Male) |
| 4:54 | Crear | Villager (Male) |
| 4:54 | Crear | Villager (Male) |
| 5:36 | Construir | Mill |
| 6:17 | Construir | Farm |
| 6:27 | Construir | House |
| 6:29 | Crear | Villager (Male) |
| 6:30 | Crear | Villager (Male) |
| 6:30 | Crear | Villager (Male) |
| 7:36 | Crear | Villager (Male) |
| 7:37 | Crear | Villager (Male) |
| 7:51 | Construir | Farm |
| 8:45 | Investigar | Feudal Age |
| 9:11 | Construir | Farm |
| 9:16 | Construir | Mining Camp |
| 10:46 | Crear | Villager (Male) |
| 10:55 | Edad | Edad Feudal |
| 10:58 | Construir | Blacksmith |
| 11:15 | Crear | Villager (Male) |
| 11:36 | Construir | Market |
| 11:42 | Crear | Villager (Male) |
| 12:18 | Investigar | Castle Age |
| 12:37 | Construir | Farm |
| 12:40 | Investigar | Double-Bit Axe |
| 13:17 | Investigar | Horse Collar |
| 13:51 | Construir | Farm |
| 13:53 | Construir | Farm |
| 13:58 | Construir | Farm |
| 14:58 | Edad | Edad de los Castillos |
| 15:02 | Crear | Villager (Male) |
| 15:08 | Construir | House |
| 15:10 | Investigar | Bow Saw |
| 15:17 | Investigar | Loom |
| 15:29 | Construir | House |
| 15:34 | Construir | Palisade Gate |
| 15:47 | Construir | Castle |
| 16:03 | Crear | Villager (Male) |
| 16:24 | Crear | Villager (Male) |
| 16:35 | Investigar | Padded Archer Armor |
| 16:37 | Crear | Villager (Male) |
| 16:46 | Construir | Mining Camp |
| 16:52 | Crear | Conquistador |
| 16:53 | Crear | Conquistador |
| 16:53 | Crear | Conquistador |
| 17:13 | Crear | Conquistador |
| 17:13 | Crear | Conquistador |
| 17:16 | Crear | Villager (Male) |
| 17:16 | Crear | Villager (Male) |
| 17:21 | Investigar | Leather Archer Armor |
| 17:34 | Construir | Farm |
| 17:43 | Crear | Villager (Male) |
| 18:02 | Crear | Conquistador |
| 18:03 | Crear | Conquistador |
| 18:22 | Construir | Farm |
| 18:37 | Crear | Conquistador |
| 18:40 | Crear | Villager (Male) |
| 18:51 | Crear | Conquistador |
| 19:17 | Crear | Conquistador |
| 19:36 | Crear | Villager (Male) |
| 19:36 | Crear | Villager (Male) |
| 19:57 | Construir | Farm |
| 20:00 | Construir | Farm |
| 20:01 | Construir | Farm |
| 20:01 | Construir | Farm |
| 20:01 | Construir | Farm |
| 20:01 | Construir | Farm |
| 20:01 | Construir | Farm |
| 20:02 | Construir | Farm |
| 20:27 | Crear | Conquistador |
| 20:29 | Crear | Villager (Male) |
| 20:35 | Crear | Villager (Male) |
| 21:08 | Crear | Villager (Male) |
| 21:09 | Crear | Conquistador |
| 21:21 | Crear | Villager (Male) |
| 22:13 | Crear | Conquistador |
| 22:13 | Crear | Conquistador |
| 22:14 | Crear | Villager (Male) |
| 22:16 | Construir | Town Center |
| 22:24 | Crear | Conquistador |
| 22:57 | Crear | Conquistador |
| 22:58 | Crear | Villager (Male) |
| 22:58 | Crear | Villager (Male) |
| 22:58 | Crear | Villager (Male) |
| 22:58 | Crear | Villager (Male) |
| 23:14 | Crear | Villager (Male) |
| 23:38 | Crear | Villager (Male) |
| 23:38 | Crear | Villager (Male) |
| 23:53 | Crear | Villager (Male) |
| 23:54 | Crear | Villager (Male) |
| 23:54 | Crear | Villager (Male) |
| 23:58 | Crear | Villager (Male) |
| 24:09 | Construir | Farm |
| 24:23 | Construir | Farm |
| 24:23 | Construir | Farm |
| 24:23 | Construir | Farm |
| 24:23 | Construir | Farm |
| 24:26 | Crear | Villager (Male) |
| 24:26 | Crear | Villager (Male) |
| 24:32 | Crear | Conquistador |
| 24:32 | Crear | Conquistador |
| 24:45 | Crear | Conquistador |
| 24:58 | Construir | Town Center |
| 25:12 | Crear | Villager (Male) |
| 25:13 | Crear | Villager (Male) |
| 25:13 | Crear | Villager (Male) |
| 25:15 | Construir | House |
| 25:16 | Construir | House |
| 25:16 | Construir | House |
| 25:17 | Construir | House |
| 25:17 | Construir | House |
| 25:17 | Construir | House |
| 25:28 | Construir | Farm |
| 25:30 | Construir | Farm |
| 25:33 | Crear | Villager (Male) |
| 25:33 | Crear | Villager (Male) |
| 25:42 | Crear | Villager (Male) |
| 25:42 | Crear | Villager (Male) |
| 25:42 | Crear | Villager (Male) |
| 26:27 | Crear | Villager (Male) |
| 26:27 | Crear | Villager (Male) |
| 26:27 | Crear | Villager (Male) |
| 26:28 | Crear | Villager (Male) |
| 26:31 | Construir | Farm |
| 26:31 | Construir | Farm |
| 26:32 | Construir | Farm |
| 26:32 | Construir | Farm |
Cronología de la partida
| 5:53 | [AJJRR] Minillop · wall_segment Palisade Wall x5 |
| 6:27 | [AJJRR] Minillop · wall_segment Palisade Wall x1 |
| 6:33 | [AJJRR] Minillop · wall_segment Palisade Wall x1 |
| 6:34 | [AJJRR] Minillop · wall_segment Palisade Wall x1 |
| 6:38 | [AJJRR] Minillop · wall_segment Palisade Wall x7 |
| 6:51 | CARACODUENDE · first_building Barracks |
| 7:58 | [AJJRR] Minillop · wall_segment Palisade Wall x11 |
| 8:03 | [AJJRR] Minillop · wall_segment Palisade Wall x1 |
| 8:30 | FenixFire · first_building Barracks |
| 8:31 | Camagroc · first_building Barracks |
| 8:52 | CARACODUENDE · age_up feudal |
| 8:58 | FenixFire · wall_segment Palisade Wall x10 |
| 9:08 | CARACODUENDE · first_building Archery Range |
| 9:08 | Camagroc · wall_segment Palisade Wall x8 |
| 9:10 | Camagroc · wall_segment Palisade Wall x4 |
| 9:16 | deju30 · first_building Barracks |
| 9:41 | FenixFire · age_up feudal |
| 9:47 | FenixFire · first_building Archery Range |
| 9:52 | Camagroc · wall_segment Palisade Wall x4 |
| 10:22 | VenenoMcc · age_up feudal |
| 10:44 | deju30 · age_up feudal |
| 10:53 | CARACODUENDE · wall_segment Palisade Wall x8 |
| 10:55 | O P T I M U S · age_up feudal |
| 10:56 | Camagroc · wall_segment Palisade Wall x3 |
| 11:04 | pequeñobro · age_up feudal |
| 11:06 | Camagroc · wall_segment Palisade Wall x2 |
| 11:29 | Camagroc · wall_segment Palisade Wall x8 |
| 11:39 | deju30 · first_building Stable |
| 11:40 | Camagroc · age_up feudal |
| 11:52 | FenixFire · wall_segment Palisade Wall x1 |
| 12:17 | O P T I M U S · first_market_sell 100 stone |
| 12:17 | [AJJRR] Minillop · age_up feudal |
| 13:03 | CARACODUENDE · wall_segment Palisade Wall x7 |
| 13:04 | Camagroc · first_building Archery Range |
| 13:30 | pequeñobro · wall_segment Palisade Wall x1 |
| 13:37 | [AJJRR] Minillop · wall_segment Palisade Wall x5 |
| 13:41 | CARACODUENDE · wall_segment Palisade Wall x2 |
| 14:07 | CARACODUENDE · wall_segment Palisade Wall x1 |
| 14:57 | deju30 · age_up castle |
| 14:58 | O P T I M U S · age_up castle |
| 15:32 | pequeñobro · age_up castle |
| 15:41 | [AJJRR] Minillop · first_building Barracks |
| 15:47 | O P T I M U S · first_building Castle |
| 16:04 | pequeñobro · first_market_buy 100 wood |
| 16:51 | [AJJRR] Minillop · first_market_sell 100 wood |
| 16:52 | [AJJRR] Minillop · first_market_buy 100 food |
| 17:32 | [AJJRR] Minillop · age_up castle |
| 18:54 | FenixFire · wall_segment Palisade Wall x1 |
| 19:05 | VenenoMcc · age_up castle |
| 19:10 | VenenoMcc · first_building Castle |
| 19:36 | pequeñobro · first_building Castle |
| 22:02 | CARACODUENDE · age_up castle |
| 22:34 | CARACODUENDE · wall_segment Palisade Wall x1 |
| 22:50 | pequeñobro · tribute_sent a jugador 1 |
| 22:50 | pequeñobro · tribute_sent a jugador 2 |
| 22:50 | pequeñobro · tribute_sent a jugador 3 |
| 22:50 | pequeñobro · tribute_sent a jugador 4 |
| 22:50 | pequeñobro · tribute_sent a jugador 6 |
| 22:50 | pequeñobro · tribute_sent a jugador 7 |
| 22:50 | pequeñobro · tribute_sent a jugador 8 |
| 23:09 | [AJJRR] Minillop · first_building Castle |
| 23:09 | pequeñobro · first_building Monastery |
| 24:30 | O P T I M U S · first_market_buy 100 food |
| 24:39 | CARACODUENDE · first_building Siege Workshop |
| 24:47 | Camagroc · wall_segment Stone Wall x8 |
| 24:53 | Camagroc · wall_segment Stone Wall x3 |
| 24:55 | FenixFire · wall_segment Stone Wall x11 |
| 26:01 | pequeñobro · first_building Siege Workshop |
| 26:11 | Camagroc · wall_segment Stone Wall x8 |
| 26:15 | Camagroc · wall_segment Stone Wall x6 |
| 26:23 | pequeñobro · first_building Stable |
| 26:39 | VenenoMcc · first_building Barracks |
| 26:39 | Camagroc · age_up castle |
| 26:58 | FenixFire · wall_segment Stone Wall x3 |
| 27:05 | [AJJRR] Minillop · first_building Siege Workshop |
| 27:08 | deju30 · first_building Castle |
| 27:33 | VenenoMcc · first_building Stable |
| 27:48 | O P T I M U S · first_building Barracks |
| 28:06 | FenixFire · age_up castle |
| 28:22 | Camagroc · wall_segment Stone Wall x8 |
| 28:23 | Camagroc · wall_segment Stone Wall x1 |
| 28:27 | Camagroc · wall_segment Stone Wall x3 |
| 28:30 | Camagroc · wall_segment Stone Wall x6 |
| 28:33 | Camagroc · wall_segment Stone Wall x1 |
| 28:54 | O P T I M U S · first_building Stable |
| 29:46 | FenixFire · first_building Castle |
| 30:55 | FenixFire · first_market_sell 100 food |
| 31:48 | deju30 · first_building Archery Range |
| 32:21 | Camagroc · first_building Castle |
| 33:18 | FenixFire · first_market_buy 100 food |
| 33:59 | deju30 · age_up imperial |
| 34:02 | Camagroc · wall_segment Stone Wall x1 |
| 34:07 | Camagroc · wall_segment Stone Wall x1 |
| 34:27 | pequeñobro · first_market_sell 100 wood |
| 34:32 | deju30 · first_building Siege Workshop |
| 35:45 | O P T I M U S · age_up imperial |
| 36:17 | O P T I M U S · first_building Siege Workshop |
| 36:19 | deju30 · first_market_sell 100 stone |
| 37:39 | FenixFire · age_up imperial |
| 37:50 | pequeñobro · age_up imperial |
| 37:57 | Camagroc · first_market_sell 100 wood |
| 38:04 | VenenoMcc · first_building Archery Range |
| 38:05 | Camagroc · first_market_buy 100 food |
| 38:36 | VenenoMcc · age_up imperial |
| 39:21 | pequeñobro · first_building Barracks |
| 40:27 | [AJJRR] Minillop · age_up imperial |
| 41:16 | CARACODUENDE · first_market_buy 100 wood |
| 41:31 | Camagroc · age_up imperial |
| 42:07 | pequeñobro · resign |
[ ANÁLISIS IA · 1 CRÉDITO ]
¿Qué pasó realmente en esta partida?
Wolo.gg analiza cada decisión: build order, eco, micro, errores típicos por bracket. Análisis personalizado por WhatsApp o Discord en 30 segundos.
Guía civ
Wu
Perfil
[AJJRR] Minillop